 Dungeon Crawl Stone Soup version 0.26.1-2-gb8aa6d0cf2 (webtiles) character file.

Game seed: 908601898339441511

559 McKennaii the Conjurer (level 7, 0/36 HPs)
             Began as a Deep Elf Conjurer on Feb 17, 2021.
             Was an Initiate of Vehumet.
             Slain by an ice beast (5 damage)
             ... on level 5 of the Dungeon.
             The game lasted 00:06:49 (5413 turns).

McKennaii the Conjurer (Deep Elf Conjurer)          Turns: 5413, Time: 00:06:49

Health: 0/36       AC:  2    Str:  1 (4)  XL:     7   Next: 9%
Magic:  5/19       EV: 12    Int: 24 (25) God:    Vehumet [......]
Gold:   273        SH:  0    Dex: 10 (13) Spells: 10/19 levels left

rFire    . . .     SeeInvis .   (no weapon)
rCold    . . .     Faith    .   (no shield)
rNeg     . . .     Spirit   .   a - +0 robe
rPois    +         Reflect  .   (no helmet)
rElec    .         Harm     .   (no cloak)
rCorr    .         Rampage  .   (no gloves)
Will     .....                  (no boots)
Stlth    ++........             (no amulet)
HPRegen  0.12/turn              m - ring of poison resistance
MPRegen  0.16/turn              (no ring)

@: very slightly contaminated
A: no striking features
a: Renounce Religion


You were on level 5 of the Dungeon.
You worshipped Vehumet.
Vehumet was noncommittal.
You visited 2 branches of the dungeon, and saw 6 of its levels.

You collected 273 gold pieces.

Inventory:

Armour
 a - a +0 robe (worn)
Jewellery
 m - a ring of poison resistance (left hand)
Wands
 f - a wand of random effects (22)
 i - a wand of polymorph (7)
 j - a wand of acid (13)
Scrolls
 e - a scroll of teleportation
 g - 7 scrolls of identify
 h - a scroll of amnesia {unknown}
 o - a scroll of random uselessness {unknown}
Potions
 b - 2 potions of lignification
 c - a potion of heal wounds
 d - a potion of resistance
 l - a potion of flight


   Skills:
 + Level 0.1 Fighting
 + Level 3.0 Dodging
 + Level 2.8 Stealth
 * Level 6.8 Spellcasting
 * Level 7.5 Conjurations


You had 10 spell levels left.
You knew the following spells:

 Your Spells              Type           Power        Failure   Level
a - Magic Dart            Conj           100%         1%          1
b - Fulminant Prism       Conj/Hex       13%          16%         4
c - Iskenderun's Mystic   Conj/Tloc      26%          16%         4

Your spell library contained the following spells:

 Spells                   Type           Power        Failure   Level
 Searing Ray              Conj           88%          1%          2
 Dazzling Flash           Conj/Hex       52%          4%          3


Dungeon Overview and Level Annotations

Branches:
Dungeon (5/15)             Temple (1/1) D:4

Altars:
Ashenzari
Cheibriados
Dithmenos
Fedhas
Gozag
Nemelex Xobeh
Ru
Trog
Vehumet
The Shining One

Annotations:
D:4 Blork the orc, Grinder


Message History

Aim: an ice beast (severely wounded, 0% to evade)
The magic dart hits the ice beast but does no damage.
The ice beast is severely wounded.
The ice beast closely misses you.
Casting: Magic Dart (safe; 1% risk of failure)
Confirm with . or Enter, or press ? or * to list all spells.
Aiming: Magic Dart (safe; 1% risk of failure)
Press: ? - help, Shift-Dir - straight line, f/p - ice beast
Aim: an ice beast (severely wounded, 0% to evade)
The magic dart hits the ice beast.
The ice beast is severely wounded.
The ice beast hits you. The ice beast freezes you!
* * * LOW HITPOINT WARNING * * *
Casting: Magic Dart (safe; 1% risk of failure)
Confirm with . or Enter, or press ? or * to list all spells.
The spell is quite dangerous to cast (16% risk of failure)!
Continue anyway?
You miscast Iskenderun's Mystic Blast.
You are very lightly contaminated with residual magic.
Nothing appears to happen.
The ice beast hits you.
You die...

##########.....############
##..†## ##.## ###.###
#.....# #.....#######.
#.............
#.....######## #..Y@.#
.......### ..####.# . #.#
.. #. #. ..


You could see an ice beast.

Vanquished Creatures
  An ogre (D:2)
  A bullfrog (D:5)
  A scorpion (D:5)
  The ghost of brucemayne the Chopper, a weakling HOMo (D:3)
  An orc wizard (D:5)
  3 worker ants
  11 adders
  3 gnolls (D:3)
  A shadow imp (D:5)
  A worm (D:3)
  A dart slug (D:2)
  The ghost of Goreval the Sneak, a weakling FeVM (D:3)
  2 leopard geckos (D:3)
  10 orcs
  4 giant cockroaches
  6 goblins
  4 hobgoblins
  15 kobolds
  3 quokkas
  6 bats
  3 frilled lizards
  4 rats
83 creatures vanquished.

Vanquished Creatures (others)
  11 plants (D:3)
11 creatures vanquished.

Grand Total: 94 creatures vanquished

Notes
Turn   | Place    | Note
-------+----------+-------------------------------------------
     0 | D:1      | McKennaii the Deep Elf Conjurer began the quest for the
                  | Orb.
     0 | D:1      | Reached XP level 1. HP: 10/10 MP: 6/6
   245 | D:1      | Reached XP level 2. HP: 15/15 MP: 6/8
   709 | D:2      | Reached skill level 5 in Conjurations
   913 | D:2      | Noticed an ogre
   919 | D:2      | Killed an ogre
   920 | D:2      | Reached skill level 6 in Conjurations
   920 | D:2      | Reached XP level 3. HP: 19/19 MP: 2/10
   920 | D:2      | Reached XP level 4. HP: 24/24 MP: 2/11
  1034 | D:2      | Learned a level 4 spell: Fulminant Prism
  1039 | D:2      | Learned a level 4 spell: Iskenderun's Mystic Blast
  1315 | D:2      | Reached XP level 5. HP: 28/28 MP: 11/13
  1542 | D:2      | Found a blossoming altar of Fedhas.
  2394 | D:3      | Found an opulent altar of Gozag.
  2909 | D:3      | Found a runed translucent gate.
  2909 | D:3      | Found a runed translucent gate.
  2909 | D:3      | Found a runed translucent gate.
  3159 | D:3      | Noticed Goreval's ghost (weakling FeVM)
  3159 | D:3      | Noticed brucemayne's ghost (weakling HOMo)
  3277 | D:3      | Killed brucemayne's ghost
  3278 | D:3      | Reached skill level 5 in Spellcasting
  3278 | D:3      | Reached XP level 6. HP: 14/32 MP: 6/16
  3279 | D:3      | Killed Goreval's ghost
  3512 | D:4      | Noticed Blork the orc
  3863 | D:4      | Found a staircase to the Ecumenical Temple.
  3886 | D:4      | Reached skill level 7 in Conjurations
  3893 | Temple   | Entered the Ecumenical Temple
  3973 | Temple   | Became a worshipper of Vehumet
  4143 | D:4      | Noticed Grinder
  4144 | D:4      | Paralysed by Grinder for 5 turns
  4603 | D:4      | Found a broken altar of Ashenzari.
  4603 | D:4      | Found a sacrificial altar of Ru.
  4672 | D:5      | Entered Level 5 of the Dungeon
  4917 | D:5      | Found a sparkling altar of Nemelex Xobeh.
  5242 | D:5      | Reached XP level 7. HP: 32/36 MP: 7/19
  5413 | D:5      | Slain by an ice beast

Illustrated notes

Levels and vault maps discovered:
D:1:      amcnicky_arrival_gap_in_the_tavern_cellar, layout_loops_ring,
          hangedman_abyss_or_decor_stabs
D:2:      layout_loops_cross, nicolae_overflow_crystal_walls
D:3:      layout_basic, nicolae_gozag_cash_rules_everything_around_me,
          gammafunk_ghost_cemetery, lexackson_kobold_supper
D:4:      layout_basic, gammafunk_temple_overflow_elements,
          minmay_temple_entry_statues_pillars, uniq_blork_the_orc, uniq_grinder
D:5:      layout_loops_cross, nemelex_xobeh_ov_fountains_minmay,
          ebering_ghost_disaster_area
Temple:   regret_index_temple_waves

Skill      XL: |  1  2  3  4  5  6 |
---------------+-------------------+-----
Conjurations   | 6 7 |  7.5
Spellcasting   | 4 5 6 |  6.8
Dodging        | 3 |  3.0
Fighting       | |  0.1
Stealth        | |  2.8

Action                   |  1- 3 |  4- 6 |  7- 9 || total
-------------------------+-------+-------+-------++-------
Melee: Unarmed           |       |    12 |       ||    12
 Cast: Magic Dart        |    35 |   184 |    19 ||   238
  Use: Potion            |       |     9 |       ||     9
       Scroll            |       |     6 |       ||     6
Armor: Robe              |     2 |     5 |     1 ||     8
       Skin              |       |     8 |       ||     8
Dodge: Dodged            |     2 |    43 |     3 ||    48
